 Dungeon Crawl Stone Soup version 0.31.0-11-ge490571c62 (webtiles) character file.

Game seed: 15726157622729008712

2521 Wiggles the Severer (level 9, -1/71 HPs)
             Began as a Minotaur Berserker on Jan 29, 2024.
             Was an Elder of Trog.
             Succumbed to a killer bee's poison
             ... on level 7 of the Dungeon.
             The game lasted 00:09:13 (5512 turns).

Wiggles the Severer (Minotaur Berserker)            Turns: 5512, Time: 00:09:14

Health: -1/71      AC: 15    Str: 27    XL:     9   Next: 29%
Magic:  1/8        EV:  7    Int:  4    God:    Trog [****..]
Gold:   311        SH:  0    Dex:  9    Spells: 8/8 levels left

rFire   . . .        A - +0 battleaxe (chaos)
rCold   . . .        (shield currently unavailable)
rNeg    . . .        B - +1 plate armour
rPois   .            (helmet restricted)
rElec   .            (no cloak)
rCorr   .            l - +2 pair of gloves
SInv    .            (no boots)
Will    .....        q - amulet of guardian spirit Stlth
                     u - ring of flight
HPRegen 0.31/turn    (no ring)
MPRegen 0.11/turn

%: guardian spirit
@: lethally poisoned (-1 -> -14), flying
A: horns 2, retaliatory headbutt
a: Renounce Religion, Berserk, Trog's Hand, Brothers in Arms


You were on level 7 of the Dungeon.
You worshipped Trog.
Trog was greatly pleased with you.
You visited 1 branch of the dungeon, and saw 7 of its levels.

You collected 311 gold pieces.

Inventory:

Hand Weapons
 A - a +0 battleaxe of chaos (weapon)
Armour
 l - a +2 pair of gloves (worn)
 B - a +1 plate armour (worn)
Jewellery
 q - an amulet of guardian spirit (around neck)
 u - a ring of flight (left hand)
Wands
 k - a wand of paralysis (30)
 m - a wand of flame (40)
 p - a wand of light (7)
 y - a wand of digging (4)
Scrolls
 a - 3 scrolls of teleportation
 e - a scroll of identify
 i - a scroll of summoning
 n - a scroll of immolation
Potions
 b - 2 potions of brilliance
 c - 2 potions of curing {unknown}
 d - a potion of mutation {unknown}
 f - 3 potions of haste
 o - 3 potions of ambrosia {unknown}
 r - 3 potions of degeneration
 w - a potion of berserk rage {unknown}
 z - 2 potions of heal wounds {unknown}


   Skills:
 - Level 4.1 Fighting
 + Level 15.0 Axes
 - Level 2.6 Armour
 - Level 2.3 Dodging


You had 8 spell levels left.
You didn't know any spells.
Your spell library was empty.

Dungeon Overview and Level Annotations

Branches:
Dungeon (7/15)             Temple (0/1) D:5

Altars:
Gozag
Ru
Wu Jian

Annotations:
D:7 3 runed translucent doors, Driedwater's ghost, novice DjNe


Innate Abilities, Weirdness & Mutations

You have a pair of horns on your head.
You reflexively headbutt those who attack you in melee.


Message History

The killer bee stings you but does no damage. x2
You slash the killer bee!
You kill the killer bee!
Trog accepts your kill.
You feel sick. The killer bee stings you.
* * * LOW HITPOINT WARNING * * *
You are more poisoned.
The killer bee poisons you!
Your Axes skill increases to level 15!
You barely miss the killer bee. Your headbutt misses the killer bee.
You feel very sick.
The killer bee stings you but does no damage.
The killer bee barely misses you.
You slash the killer bee! Your headbutt misses the killer bee.
The killer bee is heavily wounded.
You feel sick. The killer bee stings you.
The killer bee stings you but does no damage.
You barely miss the killer bee. Your headbutt misses the killer bee.
The killer bee is heavily wounded.
You feel sick.
The killer bee stings you but does no damage.
The killer bee stings you!
* * * LOW HITPOINT WARNING * * *
You are lethally poisoned!
The killer bee poisons you!
You miss the killer bee.
The killer bee is heavily wounded.
* * * LOW HITPOINT WARNING * * *
You feel very sick.
The killer bee stings you but does no damage. x2
You miss the killer bee.
The killer bee is heavily wounded.
* * * LOW HITPOINT WARNING * * *
You feel sick. The killer bee stings you.
* * * LOW HITPOINT WARNING * * *
You are more poisoned.
The killer bee poisons you!
You barely miss the killer bee. Your headbutt misses the killer bee.
The killer bee is heavily wounded.
You die...

#..........# #.###
#..........# #.###
#..####....# #.##.
)..........######.###
#..# #..........#.# #
####..####...........# #
...........#.####.### #
####..####..#.# #.# #
.....~y@......# #.# #
###...####..######<#####
#... ......>......). #..
###########.#### ... #.#
.. #.# # #.# #.# #.#


You could see a killer bee.

Vanquished Creatures
  Grinder (D:3)
  Sigmund (D:4)
  A black bear (D:4)
  An orc warrior (D:6)
  A sky beast (D:7)
  An ice beast (D:7)
  An ogre (D:6)
  3 centaurs
  A phantom (D:5)
  A bullfrog (D:5)
  3 gnoll sergeants
  2 scorpions (D:6)
  5 killer bees (D:7)
  A bombardier beetle (D:3)
  2 hounds (D:6)
  3 orc priests
  A jelly (D:5)
  4 orc wizards (D:6)
  A sleepcap (D:5)
  4 iguanas
  Natasha (thrice) (D:3)
  15 gnolls
  4 adders
  A white imp (D:5)
  2 ufetubi (D:5)
  An adder skeleton (D:2)
  3 ribbon worms
  2 dart slugs
  17 orcs
  5 ball pythons
  A bat skeleton (D:2)
  A bat zombie (D:2)
  An endoplasm (D:1)
  5 giant cockroaches
  6 hobgoblins
  5 jackals
  7 kobolds
  A ball python skeleton (D:2)
  2 bats
  5 frilled lizards
  A giant cockroach zombie (D:2)
  6 goblins
  3 rats
135 creatures vanquished.

Vanquished Creatures (collateral kills)
  A gnoll (D:7)
1 creature vanquished.

Grand Total: 136 creatures vanquished

Notes
Turn   | Place    | Note
-------+----------+-------------------------------------------
     0 | D:1      | Wiggles the Minotaur Berserker began the quest for the Orb.
     0 | D:1      | Reached XP level 1. HP: 19/19 MP: 0/0
   101 | D:1      | Reached skill level 4 in Axes
   154 | D:1      | Found a faded altar of an unknown god.
   159 | D:1      | Reached XP level 2. HP: 24/27 MP: 1/1
   727 | D:2      | Reached ** piety under Trog
   732 | D:2      | Identified the +4 sling "Heaturgh" {freeze, rF+ rC+ Int+5}
   797 | D:2      | Reached XP level 3. HP: 33/33 MP: 2/2
  1326 | D:3      | Reached skill level 5 in Axes
  1395 | D:3      | Noticed Grinder
  1407 | D:3      | Killed Grinder
  1408 | D:3      | Reached skill level 7 in Axes
  1408 | D:3      | Reached XP level 4. HP: 24/40 MP: 3/3
  1408 | D:3      | Reached XP level 5. HP: 28/46 MP: 4/4
  1486 | D:3      | Reached XP level 6. HP: 41/52 MP: 5/5
  1553 | D:3      | Reached skill level 8 in Axes
  1846 | D:3      | Noticed Natasha
  1856 | D:3      | Killed Natasha
  1863 | D:3      | Reached *** piety under Trog
  1949 | D:3      | Found an opulent altar of Gozag.
  2001 | D:3      | Noticed Natasha
  2009 | D:3      | Killed Natasha
  2168 | D:3      | Noticed Natasha
  2197 | D:3      | Killed Natasha
  2329 | D:4      | Reached skill level 9 in Axes
  2462 | D:4      | Noticed Sigmund
  2467 | D:4      | Killed Sigmund
  2468 | D:4      | Reached XP level 7. HP: 59/59 MP: 6/6
  2542 | D:4      | Reached skill level 10 in Axes
  2903 | D:5      | Entered Level 5 of the Dungeon
  3123 | D:5      | Reached skill level 11 in Axes
  3299 | D:5      | Reached XP level 8. HP: 62/66 MP: 7/7
  3551 | D:5      | Found a staircase to the Ecumenical Temple.
  3798 | D:6      | Reached skill level 12 in Axes
  3944 | D:6      | Reached **** piety under Trog
  3951 | D:6      | Found an ornate altar of the Wu Jian Council.
  3957 | D:6      | Found a sacrificial altar of Ru.
  4001 | D:6      | Reached skill level 13 in Axes
  4921 | D:7      | Found a runed translucent gate.
  4921 | D:7      | Noticed Driedwater's ghost (novice DjNe)
  4922 | D:7      | Found a runed translucent gate.
  4922 | D:7      | Found a runed translucent gate.
  5158 | D:7      | Reached skill level 14 in Axes
  5297 | D:7      | Reached XP level 9. HP: 54/71 MP: 5/8
  5507 | D:7      | Reached skill level 15 in Axes
  5511 | D:7      | HP: 3/71 [poisoned by a killer bee]
  5511 | D:7      | HP: 1/71 [killer bee (2)]
  5512 | D:7      | Succumbed to a killer bee's poison

Illustrated notes

Levels and vault maps discovered:
D:1:      lightli_arrival_maybe_door_vault, layout_loops_ring,
          chequers_ecumenical_altar_simple
D:2:      layout_loops_cross, serial_undead, serial_undead_f, serial_undead_b,
          serial_undead_b, serial_undead_b, serial_undead_c
D:3:      layout_rooms, mainiacjoe_overflow_surrounded_room,
          nicolae_houndstooth_variations, uniq_natasha, uniq_grinder
D:4:      layout_loops_ring, uniq_sigmund
D:5:      layout_cave_pools, minmay_temple_entry_antechambers
D:6:      layout_loops_cross, mainiacjoe_overflow_catwalk_spiral,
          mainiacjoe_sewer_entry_somewhere_in_here_1,
          serial_library_hellmonk_small_alcove
D:7:      layout_loops_ring, biasface_ghost_orc_armoury

Skill      XL: |  1  2  3  4  5  6  7  8  9 |
---------------+----------------------------+-----
Axes           | 4 7 9 11 14 15 | 15.0
Fighting       | 4 |  4.1
Armour         | |  2.6
Dodging        | |  2.3

Action                     |  1- 3 |  4- 6 |  7- 9 || total
---------------------------+-------+-------+-------++-------
  Melee: Hand axe          |   104 |    51 |    73 ||   228
         Headbutt          |    20 |    10 |    24 ||    54
         Battleaxe         |       |       |   129 ||   129
 Invoke: Berserk           |       |       |     1 ||     1
    Use: Scroll            |       |       |    16 ||    16
   Stab: Distracted        |       |       |     1 ||     1
 Armour: Animal skin       |    13 |       |       ||    13
         Ring mail         |    40 |    27 |       ||    67
         Chain mail        |       |       |    67 ||    67
         Plate armour      |       |       |   179 ||   179
  Dodge: Dodged            |    63 |    25 |    93 ||   181
